TOP OF THE 1ST |
London Majors batting - Pitching for Canton Indians : RHP Chris Cohen
|
Pitching: RHP Chris Cohen
|
|
Batting: RHB Frank Caulfield
|
0-0: Ball 1-0: Called Strike 1-1: Foul Ball, location: 2F 1-2: Ball 2-2: SINGLE (Groundball, 6MD, EV 98.1 MPH)
|
Batting: RHB Brock Van Gilder
|
0-0: Fielders Choice at 2nd, 5-4 (Groundball, 56, EV 88.1 MPH)
|
Batting: LHB Frank Nelson
|
0-0: Ball Brock Van Gilder is caught stealing 2nd base 2-6 1-0: Ball 2-0: Swinging Strike 2-1: Fly out, F8 (Flyball, 8RXD, EV 93.8 MPH)
|
Top of the 1st over - 0 runs, 1 hit, 0 errors, 0 left on base; London 0 - Canton 0 |
BOTTOM OF THE 1ST |
Canton Indians batting - Pitching for London Majors : LHP Eddie Muniz
|
Pitching: LHP Eddie Muniz
|
|
Batting: RHB Kenzo Shinoda
|
0-0: Foul Ball, location: 2F 0-1: Ball 1-1: Ball 2-1: Swinging Strike 2-2: Foul Ball, location: 2F 2-2: Strikes out swinging
|
Batting: LHB Costodio Varino
|
0-0: Ball 1-0: Foul Ball, location: 2F 1-1: Foul Ball, location: 2F 1-2: Ball 2-2: Foul Ball, location: 2F 2-2: Ground out 6-3 (Groundball, 6D, EV 84.4 MPH)
|
Batting: RHB Carlos Abrego
|
0-0: Ball 1-0: Fly out, F8 (Flyball, 8RD, EV 101.2 MPH)
|
Bottom of the 1st over - 0 runs, 0 hits, 0 errors, 0 left on base; London 0 - Canton 0 |
TOP OF THE 2ND |
London Majors batting - Pitching for Canton Indians : RHP Chris Cohen
|
Batting: LHB Kurt Estep
|
0-0: Ball 1-0: Ground out 1-3 (Groundball, 15S, EV 70.0 MPH)
|
Batting: RHB Luis Gomez
|
0-0: Swinging Strike 0-1: Ground out U3 (Groundball, 3L, EV 97.5 MPH)
|
Batting: RHB Chris Martin
|
0-0: Ball 1-0: Ball 2-0: Foul Ball, location: 2F 2-1: Ball 3-1: Called Strike 3-2: Base on Balls
|
Pitching: RHP Terry Sterling
|
|
Batting: RHB Bill Murray
|
0-0: Ball 1-0: SINGLE (Groundball, 56D, EV 101.9 MPH) Chris Martin to second
|
Batting: RHB Bobby Lasaguna
|
0-0: Foul Ball, location: 2F 0-1: Ball 1-1: Fly out, F8 (Line Drive, 8LD, EV 93.8 MPH)
|
Top of the 2nd over - 0 runs, 1 hit, 0 errors, 2 left on base; London 0 - Canton 0 |
BOTTOM OF THE 2ND |
Canton Indians batting - Pitching for London Majors : LHP Eddie Muniz
|
Batting: LHB Dave Key
|
0-0: Ball 1-0: Ball 2-0: SINGLE (Line Drive, 34D, EV 97.5 MPH)
|
Batting: LHB Shane Montalvo
|
0-0: Called Strike 0-1: Called Strike 0-2: Strikes out swinging
|
Batting: RHB John Bianconi
|
0-0: Ball 1-0: Fly out, F7 (Flyball, 7D, EV 99.4 MPH)
|
Batting: RHB Kevin Trull
|
0-0: Ground out 5-3 (Groundball, 5S, EV 91.9 MPH)
|
Bottom of the 2nd over - 0 runs, 1 hit, 0 errors, 1 left on base; London 0 - Canton 0 |
TOP OF THE 3RD |
London Majors batting - Pitching for Canton Indians : RHP Terry Sterling
|
Batting: RHB Terry Plumley
|
0-0: Called Strike 0-1: Swinging Strike 0-2: Ball 1-2: Ball 2-2: Strikes out looking
|
Batting: RHB Frank Caulfield
|
0-0: Ball 1-0: Ball 2-0: Ground out 4-3 (Groundball, 34, EV 103.8 MPH)
|
Batting: RHB Brock Van Gilder
|
0-0: Foul Ball, location: 2F 0-1: SINGLE (Line Drive, 78M, EV 104.4 MPH)
|
Pitching: RHP Howard Allen
|
|
Batting: LHB Frank Nelson
|
0-0: Ball 1-0: Called Strike 1-1: Foul Ball, location: 2F 1-2: Ball 2-2: Foul Ball, location: 2F 2-2: Ball 3-2: SINGLE (Flyball, 89S, EV 95.6 MPH) Brock Van Gilder to second Brock Van Gilder to third
|
Batting: LHB Kurt Estep
|
0-0: Ball 1-0: Called Strike 1-1: Called Strike 1-2: 3-RUN HOME RUN (Line Drive, 9D, EV 100.0 MPH), Distance : 380 ft
|
Batting: RHB Luis Gomez
|
0-0: Foul Ball, location: 2F 0-1: SOLO HOME RUN (Flyball, 8LXD, EV 115.0 MPH), Distance : 454 ft
|
Batting: RHB Chris Martin
|
0-0: Called Strike 0-1: Ball 1-1: Foul Ball, location: 2F 1-2: Ball 2-2: Ball 3-2: Foul Ball, location: 2F 3-2: Base on Balls
|
Pitching: RHP Nate Souza
|
|
Batting: RHB Bill Murray
|
0-0: Ball Chris Martin steals 2nd base 1-0: Ball 2-0: Foul Ball, location: 2F 2-1: Reached on error, E1 (Groundball, 15S, EV 75.0 MPH) Chris Martin to third
|
Batting: RHB Bobby Lasaguna
|
0-0: Ball 1-0: Ball 2-0: Swinging Strike 2-1: Ball 3-1: Base on Balls Bill Murray to second
|
Batting: RHB Terry Plumley
|
0-0: Foul Ball, location: 2F 0-1: Swinging Strike 0-2: Ball 1-2: Ball 2-2: Fly out, F8 (Line Drive, 8LD, EV 96.2 MPH)
|
Top of the 3rd over - 4 runs, 4 hits, 1 error, 3 left on base; London 4 - Canton 0 |
BOTTOM OF THE 3RD |
Canton Indians batting - Pitching for London Majors : LHP Eddie Muniz
|
Batting: RHB Eric Kuck
|
0-0: Ball 1-0: Swinging Strike 1-1: Foul Ball, location: 2F 1-2: Ball 2-2: Strikes out swinging
|
Batting: LHB Rich Walker
|
0-0: Foul Ball, location: 2F 0-1: Swinging Strike 0-2: Ball 1-2: Ball 2-2: Strikes out looking
|
Batting: RHB Kenzo Shinoda
|
0-0: DOUBLE (Line Drive, 89XD, EV 113.8 MPH)
|
Batting: LHB Costodio Varino
|
0-0: Ball 1-0: Called Strike 1-1: Foul Ball, location: 2F 1-2: Strikes out swinging
|
Bottom of the 3rd over - 0 runs, 1 hit, 0 errors, 1 left on base; London 4 - Canton 0 |
TOP OF THE 4TH |
London Majors batting - Pitching for Canton Indians : RHP Nate Souza
|
Batting: RHB Frank Caulfield
|
0-0: Ball 1-0: Ground out 5-3 (Groundball, 56, EV 79.4 MPH)
|
Batting: RHB Brock Van Gilder
|
0-0: SINGLE (Line Drive, 9S, EV 105.6 MPH)
|
Batting: LHB Frank Nelson
|
0-0: Ball 1-0: Ball Brock Van Gilder steals 2nd base 2-0: Called Strike 2-1: Foul Ball, location: 2F 2-2: Foul Ball, location: 2F 2-2: Strikes out swinging
|
Pitching: RHP Ian Nordquist
|
|
Batting: LHB Kurt Estep
|
0-0: Swinging Strike 0-1: Called Strike 0-2: Fly out, F9 (Flyball, 9LM, EV 93.1 MPH)
|
Top of the 4th over - 0 runs, 1 hit, 0 errors, 1 left on base; London 4 - Canton 0 |
BOTTOM OF THE 4TH |
Canton Indians batting - Pitching for London Majors : LHP Eddie Muniz
|
Batting: RHB Carlos Abrego
|
0-0: Ball 1-0: Foul Ball, location: 2F 1-1: Called Strike 1-2: Strikes out looking
|
Batting: LHB Dave Key
|
0-0: Ground out 6-3 (Groundball, 6M, EV 94.4 MPH)
|
Batting: LHB Shane Montalvo
|
0-0: Called Strike 0-1: Called Strike 0-2: Ball 1-2: Ball 2-2: Foul Ball, location: 2F 2-2: SINGLE (Line Drive, 3D, EV 105.0 MPH)
|
Batting: RHB John Bianconi
|
0-0: Ball 1-0: Fielders Choice at 2nd, 6-4 (Groundball, 56, EV 86.2 MPH)
|
Bottom of the 4th over - 0 runs, 1 hit, 0 errors, 1 left on base; London 4 - Canton 0 |
TOP OF THE 5TH |
London Majors batting - Pitching for Canton Indians : RHP Ian Nordquist
|
Batting: RHB Luis Gomez
|
0-0: Ball 1-0: Ball 2-0: Ball 3-0: Called Strike 3-1: Called Strike 3-2: SINGLE (Groundball, 6MD, EV 111.2 MPH)
|
Batting: RHB Chris Martin
|
0-0: Ball 1-0: Ball Luis Gomez steals 2nd base 2-0: Swinging Strike 2-1: Swinging Strike 2-2: DOUBLE (Flyball, 8LXD, EV 115.6 MPH) Luis Gomez scores
|
Batting: RHB Bill Murray
|
0-0: Ball 1-0: Ball 2-0: Called Strike 2-1: Foul Ball, location: 2F 2-2: SINGLE (Flyball, 3D, EV 90.6 MPH) Chris Martin to third
|
Batting: RHB Bobby Lasaguna
|
0-0: Swinging Strike 0-1: Ball 1-1: SINGLE (Groundball, 6MD, EV 99.4 MPH) Chris Martin scores Bill Murray to second Runner from 2nd tries for 3rd, SAFE, no throw by CF
|
Batting: RHB Terry Plumley
|
0-0: Called Strike Pickoff Throw to First - Error! E1 Bill Murray scores Bobby Lasaguna to second 0-1: Swinging Strike 0-2: Ball 1-2: Ball 2-2: Foul Ball, location: 2F 2-2: Strikes out swinging
|
Batting: RHB Frank Caulfield
|
0-0: SINGLE (Line Drive, 56, EV 98.8 MPH) Bobby Lasaguna to third
|
Batting: RHB Brock Van Gilder
|
0-0: Foul Ball, location: 2F 0-1: Foul Ball, location: 2F 0-2: SINGLE (Groundball, 25, EV 62.5 MPH) (infield hit) Frank Caulfield to second
|
Batting: LHB Frank Nelson
|
0-0: SINGLE (Line Drive, 6D, EV 95.6 MPH) Bobby Lasaguna scores Frank Caulfield to third Brock Van Gilder to second
|
Batting: LHB Kurt Estep
|
0-0: Ball 1-0: Fly out, F5 (Popup, 56S, EV 76.2 MPH)
|
Batting: RHB Luis Gomez
|
0-0: Called Strike 0-1: Foul Ball, location: 2F 0-2: Ball 1-2: Ball 2-2: Fielders Choice at 2nd, U4 (Groundball, 4M, EV 80.0 MPH)
|
Top of the 5th over - 4 runs, 7 hits, 1 error, 3 left on base; London 8 - Canton 0 |
BOTTOM OF THE 5TH |
Canton Indians batting - Pitching for London Majors : LHP Eddie Muniz
|
Batting: RHB Kevin Trull
|
0-0: Ball 1-0: Fly out, F9 (Flyball, 89D, EV 100.6 MPH)
|
Batting: RHB Eric Kuck
|
0-0: Foul Ball, location: 2F 0-1: Foul Ball, location: 2F 0-2: Ground out U3 (Groundball, 3, EV 86.9 MPH)
|
Batting: LHB Rich Walker
|
0-0: Ball 1-0: SOLO HOME RUN (Flyball, 89XD, EV 107.5 MPH), Distance : 432 ft
|
Batting: RHB Kenzo Shinoda
|
0-0: Ball 1-0: Fly out, F7 (Flyball, 7, EV 92.5 MPH)
|
Bottom of the 5th over - 1 run, 1 hit, 0 errors, 0 left on base; London 8 - Canton 1 |
TOP OF THE 6TH |
London Majors batting - Pitching for Canton Indians : RHP Ian Nordquist
|
Batting: RHB Chris Martin
|
0-0: Ball 1-0: Ball 2-0: Called Strike 2-1: Ball 3-1: Foul Ball, location: 2F 3-2: Strikes out looking
|
Batting: RHB Bill Murray
|
0-0: Ball 1-0: Ball 2-0: Ball 3-0: Called Strike 3-1: Called Strike 3-2: Foul Ball, location: 2F 3-2: Fly out, F8 (Flyball, 8LD, EV 104.4 MPH)
|
Batting: RHB Bobby Lasaguna
|
0-0: Ball 1-0: Ball 2-0: Foul Ball, location: 2F 2-1: Foul Ball, location: 2F 2-2: Strikes out swinging
|
Top of the 6th over - 0 runs, 0 hits, 0 errors, 0 left on base; London 8 - Canton 1 |
BOTTOM OF THE 6TH |
Canton Indians batting - Pitching for London Majors : LHP Eddie Muniz
|
Batting: LHB Costodio Varino
|
0-0: Called Strike 0-1: Swinging Strike 0-2: Strikes out looking
|
Batting: RHB Carlos Abrego
|
0-0: Called Strike 0-1: Ball 1-1: Ball 2-1: SOLO HOME RUN (Flyball, 8RXD, EV 112.5 MPH), Distance : 445 ft
|
Batting: LHB Dave Key
|
0-0: Ball 1-0: Ground out 4-3 (Groundball, 4M, EV 102.5 MPH)
|
Batting: LHB Shane Montalvo
|
0-0: Ball 1-0: Ball 2-0: Called Strike 2-1: Called Strike 2-2: Foul Ball, location: 2F 2-2: Ball 3-2: Base on Balls
|
Batting: RHB John Bianconi
|
0-0: Fly out, F8 (Flyball, 78D, EV 103.1 MPH)
|
Bottom of the 6th over - 1 run, 1 hit, 0 errors, 1 left on base; London 8 - Canton 2 |
TOP OF THE 7TH |
London Majors batting - Pitching for Canton Indians : RHP Ian Nordquist
|
Batting: RHB Norm Mercer
|
0-0: Foul Ball, location: 2F 0-1: Ball 1-1: Ball 2-1: Ball 3-1: Base on Balls
|
Pitching: RHP Steve Gusman
|
|
Batting: RHB Frank Caulfield
|
0-0: Fielders Choice at 2nd, 5-4 (Groundball, 5L, EV 98.8 MPH)
|
Batting: RHB Brock Van Gilder
|
0-0: Ball Frank Caulfield steals 2nd base (no throw) 1-0: Ground out 5-3 (Groundball, 56, EV 90.0 MPH)
|
Batting: LHB Frank Nelson
|
0-0: Called Strike 0-1: Hit by Pitch
|
Batting: LHB Kurt Estep
|
0-0: DOUBLE (Line Drive, 89D, EV 106.9 MPH) Frank Caulfield scores Frank Nelson to third Runner from 3rd tries for Home, SAFE, throw by RF to home
|
Pinch Hitting: SHB Kevin Watson
|
0-0: Ball 1-0: Ball 2-0: Called Strike 2-1: Swinging Strike 2-2: Ball 3-2: Reached on error, E4 (Groundball, 4D, EV 88.8 MPH) Kurt Estep to third
|
Pinch Hitting: RHB Dustin Bargman
|
0-0: Called Strike 0-1: Foul Ball, location: 2F 0-2: Ball 1-2: Ball 2-2: Ball 3-2: SINGLE (Line Drive, 5D, EV 103.8 MPH) Kurt Estep scores Kevin Watson to second Kevin Watson to third
|
Batting: RHB Bill Murray
|
0-0: Called Strike 0-1: Ball 1-1: Foul Ball, location: 2F 1-2: Ball 2-2: Fielders Choice at 2nd, 6-4 (Groundball, 6, EV 90.6 MPH)
|
Top of the 7th over - 3 runs, 2 hits, 1 error, 2 left on base; London 11 - Canton 2 |
BOTTOM OF THE 7TH |
Canton Indians batting - Pitching for London Majors : LHP Eddie Muniz
|
Now at 1B: Pete Duncan
|
|
Now at 2B: Dustin Bargman
|
|
Now at SS: Frank Caulfield
|
|
Now in LF: Bill Murray
|
|
Pinch Hitting: LHB Justin Eargle
|
0-0: Ball 1-0: Ball 2-0: Called Strike 2-1: Foul Ball, location: 2F 2-2: Ground out 4-3 (Groundball, 4, EV 78.8 MPH)
|
Pitching: RHP Philip Sonnichsen
|
|
Batting: RHB Jason Roberts
|
0-0: Ball 1-0: Ground out 6-3 (Groundball, 6, EV 98.1 MPH)
|
Batting: LHB Rich Walker
|
0-0: Called Strike 0-1: Ball 1-1: Foul Ball, location: 2F 1-2: Ground out 4-3 (Groundball, 4, EV 83.1 MPH)
|
Bottom of the 7th over - 0 runs, 0 hits, 0 errors, 0 left on base; London 11 - Canton 2 |
TOP OF THE 8TH |
London Majors batting - Pitching for Canton Indians : RHP Steve Gusman
|
Now at 1B: Justin Eargle
|
|
Batting: RHB Bobby Lasaguna
|
0-0: Ball 1-0: Foul Ball, location: 2F 1-1: Called Strike 1-2: Foul Ball, location: 2F 1-2: Ball 2-2: Ball 3-2: SINGLE (Flyball, 34D, EV 90.6 MPH)
|
Batting: RHB Norm Mercer
|
0-0: Swinging Strike 0-1: Swinging Strike 0-2: Foul Ball, location: 2F 0-2: Ball 1-2: Ball 2-2: Ball 3-2: Hit by Pitch Bobby Lasaguna to second
|
Batting: RHB Frank Caulfield
|
0-0: Ball 1-0: SINGLE (Flyball, 89S, EV 92.5 MPH) Bobby Lasaguna to third Norm Mercer to second
|
Pinch Hitting: RHB Chad Colyer
|
0-0: Fielders Choice at 2nd, 4-6 (Groundball, 4, EV 83.1 MPH) Bobby Lasaguna scores Norm Mercer to third
|
Pitching: RHP Luke Burnham
|
|
Pinch Hitting: LHB Eric Toney
|
0-0: Foul Ball, location: 2F 0-1: Ball 1-1: SINGLE (Line Drive, 8LS, EV 105.6 MPH) Norm Mercer scores Chad Colyer to second
|
Batting: LHB Kurt Estep
|
0-0: Ball 1-0: Foul Ball, location: 2F 1-1: Called Strike 1-2: Fielders Choice at 2nd, 3-6 (Groundball, 3, EV 81.2 MPH) Chad Colyer to third
|
Batting: RHB Pete Duncan
|
0-0: Ball 1-0: SINGLE (Line Drive, 34D, EV 98.1 MPH) Chad Colyer scores Kurt Estep to second
|
Pinch Hitting: RHB Ed Swafford
|
0-0: Ball 1-0: Called Strike 1-1: SINGLE (Flyball, 9, EV 94.4 MPH) Kurt Estep to third Pete Duncan to second Runner from 3rd tries for Home, SAFE, throw by RF to home
|
Batting: RHB Bill Murray
|
0-0: Called Strike 0-1: Ball 1-1: Swinging Strike 1-2: Ball 2-2: Fielders Choice at 2nd, 6-4 (Groundball, 6, EV 91.2 MPH)
|
Top of the 8th over - 4 runs, 5 hits, 0 errors, 2 left on base; London 15 - Canton 2 |
BOTTOM OF THE 8TH |
Canton Indians batting - Pitching for London Majors : RHP Philip Sonnichsen
|
Now at 1B: Bobby Roldan
|
|
Now at 2B: Ed Swafford
|
|
Now at 3B: Pete Duncan
|
|
Now in RF: Eric Toney
|
|
Batting: RHB Kenzo Shinoda
|
0-0: Ball 1-0: Ball 2-0: SINGLE (Flyball, 78S, EV 85.0 MPH)
|
Batting: LHB Costodio Varino
|
0-0: Called Strike 0-1: Ball 1-1: Foul Ball, location: 2F 1-2: Strikes out looking
|
Batting: RHB Carlos Abrego
|
0-0: Fielders Choice at 2nd, 4-6 (Groundball, 4M, EV 98.8 MPH)
|
Batting: LHB Dave Key
|
0-0: Ball 1-0: Ball 2-0: Ball 3-0: Base on Balls Carlos Abrego to second
|
Batting: LHB Shane Montalvo
|
0-0: Foul Ball, location: 2F 0-1: Foul Ball, location: 2F 0-2: Foul Ball, location: 2F 0-2: Strikes out swinging
|
Bottom of the 8th over - 0 runs, 1 hit, 0 errors, 2 left on base; London 15 - Canton 2 |
TOP OF THE 9TH |
London Majors batting - Pitching for Canton Indians : RHP Luke Burnham
|
Batting: RHB Bobby Lasaguna
|
0-0: Ball 1-0: Fly out, F2 (Popup, 23F, EV 86.2 MPH)
|
Batting: RHB Norm Mercer
|
0-0: Ball 1-0: Called Strike 1-1: Called Strike 1-2: SOLO HOME RUN (Flyball, 89XD, EV 109.4 MPH), Distance : 431 ft
|
Batting: RHB Frank Caulfield
|
0-0: Foul Ball, location: 2F 0-1: SINGLE (Line Drive, 89S, EV 100.0 MPH)
|
Pinch Hitting: LHB Devin Huber
|
0-0: Ball 1-0: Ball 2-0: DOUBLE (Line Drive, 9LS, EV 100.6 MPH) Frank Caulfield to third
|
Batting: LHB Eric Toney
|
0-0: Ball 1-0: Fly out, F9 (Flyball, 9S, EV 79.4 MPH) Runner from 3rd tags up, SCORES, throw by RF Devin Huber to third
|
Batting: LHB Kurt Estep
|
0-0: Called Strike 0-1: Ball Wild Pitch! Devin Huber scores 1-1: Called Strike 1-2: Ball 2-2: Reached on error, E3 (Groundball, 3, EV 104.4 MPH)
|
Pitching: LHP Ricky Butts
|
|
Batting: RHB Pete Duncan
|
0-0: Ball 1-0: Ball 2-0: Swinging Strike 2-1: Foul Ball, location: 2F 2-2: Foul Ball, location: 2F 2-2: Strikes out swinging
|
Top of the 9th over - 3 runs, 3 hits, 1 error, 1 left on base; London 18 - Canton 2 |
BOTTOM OF THE 9TH |
Canton Indians batting - Pitching for London Majors : RHP Philip Sonnichsen
|
Now at 1B: John Rios
|
|
Batting: RHB John Bianconi
|
0-0: Called Strike 0-1: Ball 1-1: Ball 2-1: Foul Ball, location: 2F 2-2: Foul Ball, location: 2F 2-2: Ball 3-2: Foul Ball, location: 2F 3-2: Strikes out swinging
|
Batting: LHB Justin Eargle
|
0-0: Ball 1-0: Ball 2-0: Ball 3-0: Base on Balls
|
Batting: RHB Jason Roberts
|
0-0: Ball Wild Pitch! Justin Eargle to second 1-0: Ball 2-0: Ground out U3 (Groundball, 34, EV 101.2 MPH) Justin Eargle to third
|
Batting: LHB Rich Walker
|
0-0: Ball 1-0: Swinging Strike 1-1: Called Strike 1-2: Strikes out looking
|
Bottom of the 9th over - 0 runs, 0 hits, 0 errors, 1 left on base; London 18 - Canton 2 |
|